 Dungeon Sprint DCSS version 0.23.0 (webtiles) character file.

Game seed: 7613006301998012789

938200000 Fang the Conqueror (level 27, 225/249 HPs)
             Began as a Demonspawn Gladiator on Feb 13, 2019.
             Was the Champion of Makhleb.
             Escaped with the Orb!
             The game lasted 00:38:01 (4691 turns).

Fang the Conqueror (Demonspawn Gladiator)           Turns: 4691, Time: 00:38:01

Health: 225/249    AC: 28    Str: 26    XL:     27
Magic:  54/54      EV: 24    Int: 11    God:    Makhleb [******]
Gold:   0          SH:  0    Dex: 15    Spells: 80/80 levels left

rFire    + . .     SeeInvis +   l - +∞ Axe of Woe
rCold    + . .     Gourm    .   (shield currently unavailable)
rNeg     . . .     Faith    .   s - +0 plate armour
rPois    .         Spirit   .   c - +0 helmet
rElec    .         Reflect  .   (no cloak)
rCorr    .         Harm     .   (no gloves)
MR       ++...     NoTele   +   (boots unavailable)
Stlth    ++........             (no amulet)
HPRegen  0.51/turn              r - ring of see invisible
MPRegen  0.34/turn              u - +27000 ring of slaying

@: fainting
A: talons 3, molten scales 3, cold resistance 1, foul stench 2, passive freeze,
powered by death 3, rot immunity, freezing cloud immunity
0: Orb of Zot
a: Minor Destruction, Lesser Servant of Makhleb, Major Destruction, Greater
Servant of Makhleb, Renounce Religion


You escaped.
You worshipped Makhleb.
Makhleb was exalted by your worship.
You were fainting.

You visited 1 branch

Inventory:

Hand Weapons
 a - a +0 war axe
 l - the +∞ Axe of Woe (weapon)
   (You found it in the Dungeon)
Missiles
 d - 3 throwing nets (quivered)
Armour
 b - a +0 leather armour
 c - a +0 helmet (worn)
 s - a +0 plate armour (worn)
Jewellery
 m - a +30 ring of slaying
 n - a +30 ring of slaying
 o - a +30 ring of slaying
 p - a +30 ring of slaying
 q - a +30 ring of slaying
 r - a ring of see invisible (left hand)
 t - an uncursed ring of protection from fire
 u - a +27000 ring of slaying (right hand)
Scrolls
 k - a scroll of blinking
Potions
 e - a potion of curing
 g - a potion of heal wounds
 h - a potion of haste
 i - 2 potions of magic
 j - a potion of berserk rage


   Skills:
 O Level 27 Fighting
 O Level 27 Short Blades
 O Level 27 Long Blades
 O Level 27 Axes
 O Level 27 Maces & Flails
 O Level 27 Polearms
 O Level 27 Staves
 O Level 27 Slings
 O Level 27 Bows
 O Level 27 Crossbows
 O Level 27 Throwing
 O Level 27 Armour
 O Level 27 Dodging
 O Level 27 Stealth
 O Level 27 Shields
 O Level 27 Unarmed Combat
 O Level 27 Spellcasting
 O Level 27 Conjurations
 O Level 27 Hexes
 O Level 27 Charms
 O Level 27 Summonings
 O Level 27 Necromancy
 O Level 27 Translocations
 O Level 27 Transmutations
 O Level 27 Fire Magic
 O Level 27 Ice Magic
 O Level 27 Air Magic
 O Level 27 Earth Magic
 O Level 27 Poison Magic
 O Level 27 Invocations
 O Level 27 Evocations


You had 80 spell levels left.
You didn't know any spells.
Your spell library was empty.

Dungeon Overview and Level Annotations

Branches:
Dungeon (1/1)

Altars:
Makhleb


Innate Abilities, Weirdness & Mutations

You have claws for feet.
You are completely covered in molten scales. (AC +4, rF+)
Your flesh is cold resistant. (rC+)
You frequently emit foul miasma when damaged in melee.
A frigid envelope surrounds you and freezes all who hurt you.
You regenerate a lot of health from kills.
You are immune to rotting.
You are immune to freezing clouds.


Message History

You hear a shout!
An Ice Fiend comes into view.
Things that are here:
a +9 war axe; a +30 ring of slaying You hear a shout! x5
There is a staircase leading out of the dungeon, spattered with blood here.
Things that are here:
a +9 war axe; a +30 ring of slaying You hear a shout!
The Ice Fiend misses you. The Ice Fiend closely misses you.
Items here: )) == a +9 war axe; a +30 ring of slaying; a +9 war axe; a +30 ring of slaying You chop the Ice Fiend into pieces!!!!!!!!!!!!
You chop the Ice Fiend into pieces.
You kill the Ice Fiend!
Makhleb accepts your kill.
You hear a shout! x3
There is a staircase leading out of the dungeon, spattered with blood here.
You hear a shout!
You have escaped!

........)))......................
..#....)))).))....)).......[)...#
...#..))))..#)).))))#............
......#))...#))[).).#...........#
...#..))))###..)).))###..........
......)).))...)###)))..........##
.......#).)....)_))))............
.....#..))).)#)).))#.......#)#...
###.....).[).#_.@)_#....)........
#....#...))..#.)[..#.....)#)#.#..
.......#.)......_..[......)).....
.......))...).)###........)#)#.#.
..).....))###.)[)...###....).)...
..).........#...[...#............
)...........#.).)..[#............
...#.........).).................
..#.#.#......)..........#...#....


There were no monsters in sight!

Vanquished Creatures
  155 orcs (D)
  An ancient lich (D)
  24 pandemonium lords (D)
  A profane servitor (D)
  8 liches (D)
  7 Tzitzimimeh (D)
  4 Brimstone Fiends (D)
  3 hellephants (D)
  38 Orb Guardians (D)
  9 Ice Fiends (D)
  6 Hell Sentinels (D)
  5 Executioners (D)
  An eldritch tentacle (D)
  2 daevas (D)
  6 balrugs (D)
  2 corrupters (D)
  3 black suns (D)
  2 cacodemons (D)
  2 reapers (D)
  2 warmongers (D)
  An angel (D)
  3 lorocyprocas (D)
  3 blood saints (D)
  8 blizzard demons (D)
  5 green deaths (D)
  6 hell beasts (D)
  4 monstrous demonspawn (D)
  A rakshasa (D)
  10 soul eaters (D)
  10 sun demons (D)
  A gelid demonspawn (D)
  6 sixfirhies (D)
  5 torturous demonspawn (D)
  A cherub (D)
  7 infernal demonspawn (D)
  9 shadow demons (D)
  A glowing orange brain (D)
  9 large abominations (D)
  6 rust devils (D)
  A toenail golem (D)
  8 smoke demons (D)
  10 orange demons (D)
  7 hellions (D)
  5 hellwings (D)
  3 tormentors (D)
  19 red devils (D)
  2 ice devils (D)
  7 starcursed masses (D)
  7 ynoxinuls (D)
  3 golden eyes (D)
  3 chaos spawn (D)
  2 neqoxecs (D)
  6 small abominations (D)
  4 hell hounds (D)
  An eye of draining (D)
  A crimson imp (D)
  Dispater (D)
  4 vampire knights (D)
  24 ogres (D)
  6 two-headed ogres (D)
501 creatures vanquished.

Notes
Turn   | Place    | Note
-------+----------+-------------------------------------------
     0 | D        | Found the +∞ Axe of Woe
     0 | D        | Fang the Demonspawn Gladiator began the quest for the Orb.
     0 | D        | Reached XP level 1. HP: 16/16 MP: 1/1
     4 | D        | Became a worshipper of Makhleb the Destroyer
     4 | D        | Noticed a bag of meat
     6 | D        | Noticed a bag of meat
     7 | D        | Noticed a bag of meat
     7 | D        | Noticed a bag of meat
    10 | D        | Killed a bag of meat
    10 | D        | Gained mutation: You are partially covered in molten
                  | scales. (AC +2) [demonic ancestry]
    10 | D        | Reached XP level 2. HP: 43/43 MP: 2/2
    10 | D        | Reached XP level 3. HP: 49/49 MP: 3/3
    10 | D        | Reached XP level 4. HP: 56/56 MP: 4/4
    10 | D        | Reached XP level 5. HP: 62/62 MP: 5/5
    10 | D        | Reached XP level 6. HP: 69/69 MP: 6/6
    10 | D        | Gained mutation: You are mostly covered in molten scales.
                  | (AC +3) [demonic ancestry]
    10 | D        | Reached XP level 7. HP: 75/75 MP: 7/7
    10 | D        | Reached XP level 8. HP: 82/82 MP: 8/8
    10 | D        | Gained mutation: You regenerate a little health from kills.
                  | [demonic ancestry]
    10 | D        | Reached XP level 9. HP: 88/88 MP: 9/9
    10 | D        | Gained mutation: You are immune to rotting. [demonic
                  | ancestry]
    10 | D        | Reached XP level 10. HP: 95/95 MP: 10/10
    10 | D        | Reached XP level 11. HP: 101/101 MP: 11/11
    11 | D        | Killed a bag of meat
    11 | D        | Reached * piety under Makhleb
    11 | D        | Reached skill level 15 in Axes
    11 | D        | Reached skill level 15 in Throwing
    11 | D        | Reached skill level 15 in Dodging
    11 | D        | Gained mutation: You have sharp toenails. [demonic
                  | ancestry]
    11 | D        | Reached XP level 12. HP: 113/113 MP: 12/12
    11 | D        | Killed a bag of meat
    11 | D        | Gained mutation: You may emit foul miasma when damaged in
                  | melee. [demonic ancestry]
    11 | D        | Reached XP level 13. HP: 122/122 MP: 13/13
    11 | D        | Noticed a bag of meat
    13 | D        | Killed a bag of meat
    13 | D        | Reached XP level 14. HP: 133/133 MP: 14/14
    16 | D        | Killed a bag of meat
    16 | D        | Reached ** piety under Makhleb
    17 | D        | Noticed a bag of meat
    17 | D        | Noticed a bag of meat
    18 | D        | Noticed a bag of meat
    19 | D        | Noticed a meat berserker
    20 | D        | Noticed a bag of meat
    21 | D        | Noticed a bag of meat
    21 | D        | Noticed a bag of meat
    21 | D        | Noticed a bag of meat
    21 | D        | Noticed a bag of meat
    22 | D        | Killed a bag of meat
    22 | D        | Gained mutation: You have razor-sharp toenails. [demonic
                  | ancestry]
    22 | D        | Reached XP level 15. HP: 144/144 MP: 15/15
    22 | D        | Noticed a meat berserker
    24 | D        | Killed a meat berserker
    26 | D        | Reached *** piety under Makhleb
    26 | D        | Reached XP level 16. HP: 131/157 MP: 16/16
    27 | D        | Gained mutation: You are completely covered in molten
                  | scales. (AC +4, rF+) [demonic ancestry]
    27 | D        | Reached XP level 17. HP: 169/169 MP: 17/17
    27 | D        | Reached **** piety under Makhleb
    28 | D        | Killed a meat berserker
    28 | D        | Reached skill level 27 in Fighting
    28 | D        | Gained mutation: You frequently emit foul miasma when
                  | damaged in melee. [demonic ancestry]
    28 | D        | Reached XP level 18. HP: 182/182 MP: 18/18
    28 | D        | Noticed a meat berserker
    29 | D        | Reached ***** piety under Makhleb
    29 | D        | Reached skill level 27 in Axes
    29 | D        | Reached skill level 27 in Throwing
    29 | D        | Reached skill level 27 in Dodging
    29 | D        | Reached skill level 5 in Armour
    29 | D        | Reached skill level 5 in Unarmed Combat
    29 | D        | Reached skill level 5 in Spellcasting
    30 | D        | Noticed a destroyer
    31 | D        | Reached skill level 10 in Armour
    31 | D        | Reached skill level 10 in Unarmed Combat
    31 | D        | Reached skill level 10 in Spellcasting
    31 | D        | Gained mutation: Your flesh is cold resistant. (rC+)
                  | [demonic ancestry]
    31 | D        | Reached XP level 19. HP: 189/189 MP: 18/33
    32 | D        | Noticed a meat berserker
    32 | D        | Noticed a meat berserker
    34 | D        | Killed a destroyer
    34 | D        | Reached skill level 15 in Unarmed Combat
    34 | D        | Reached skill level 15 in Spellcasting
    34 | D        | Gained mutation: You regenerate health from kills. [demonic
                  | ancestry]
    34 | D        | Reached XP level 20. HP: 197/197 MP: 18/40
    35 | D        | Killed a meat berserker
    37 | D        | Killed a meat berserker
    37 | D        | Reached ****** piety under Makhleb
    38 | D        | Noticed a meat berserker
    39 | D        | Killed a meat berserker
    39 | D        | Reached skill level 27 in Invocations
    39 | D        | Reached XP level 21. HP: 204/204 MP: 19/46
    46 | D        | Gained mutation: You regenerate a lot of health from kills.
                  | [demonic ancestry]
    46 | D        | Reached XP level 22. HP: 212/212 MP: 21/50
    47 | D        | Reached skill level 27 in Stealth
    52 | D        | Reached skill level 27 in Armour
    52 | D        | Reached skill level 27 in Unarmed Combat
    52 | D        | Reached skill level 27 in Spellcasting
    52 | D        | Noticed a destroyer
    57 | D        | Killed a destroyer
    57 | D        | Reached XP level 23. HP: 219/219 MP: 24/54
    60 | D        | Gained mutation: You have claws for feet. [demonic
                  | ancestry]
    60 | D        | Reached XP level 24. HP: 227/227 MP: 25/54
    61 | D        | Noticed a large bag of meat
    66 | D        | Killed a large bag of meat
    68 | D        | Gained mutation: You are immune to freezing clouds.
                  | [demonic ancestry]
    68 | D        | Reached XP level 25. HP: 182/234 MP: 27/54
    72 | D        | Noticed a large bag of meat
    73 | D        | Reached XP level 26. HP: 242/242 MP: 29/54
    82 | D        | Gained mutation: A frigid envelope surrounds you and
                  | freezes all who hurt you. [demonic ancestry]
    82 | D        | Reached XP level 27. HP: 249/249 MP: 31/54
    84 | D        | Killed a large bag of meat
   151 | D        | Noticed a destroyer
   154 | D        | Noticed The Meatlord
   154 | D        | Noticed a destroyer
   155 | D        | Killed a destroyer
   162 | D        | Noticed a large bag of meat
   163 | D        | Killed The Meatlord
   164 | D        | Got the Orb of Zot
   166 | D        | Killed a destroyer
   173 | D        | Killed a large bag of meat
   253 | D        | Noticed a large bag of meat
   253 | D        | Noticed a large bag of meat
   258 | D        | Noticed a large bag of meat
   259 | D        | Killed a large bag of meat
   260 | D        | Killed a large bag of meat
   266 | D        | Killed a large bag of meat
   356 | D        | Noticed Esugim the pandemonium lord
   356 | D        | Noticed an ancient lich
   363 | D        | Killed Esugim the pandemonium lord
   364 | D        | Killed an ancient lich
   491 | D        | Noticed Vofaip the pandemonium lord
   496 | D        | Killed Vofaip the pandemonium lord
   549 | D        | Noticed Jumevujo the pandemonium lord
   552 | D        | Killed Jumevujo the pandemonium lord
   574 | D        | Noticed Juogg the pandemonium lord
   576 | D        | Killed Juogg the pandemonium lord
   725 | D        | Noticed Guena the pandemonium lord
   729 | D        | Noticed Geuxtele the pandemonium lord
   730 | D        | Killed Guena the pandemonium lord
   738 | D        | Killed Geuxtele the pandemonium lord
  1044 | D        | Noticed Buppees the pandemonium lord
  1048 | D        | Killed Buppees the pandemonium lord
  1081 | D        | Noticed Zoneubaf the pandemonium lord
  1085 | D        | Killed Zoneubaf the pandemonium lord
  1108 | D        | Reached skill level 27 in Short Blades
  1108 | D        | Reached skill level 27 in Long Blades
  1108 | D        | Reached skill level 27 in Maces & Flails
  1108 | D        | Reached skill level 27 in Polearms
  1108 | D        | Reached skill level 27 in Staves
  1108 | D        | Reached skill level 27 in Slings
  1108 | D        | Reached skill level 27 in Bows
  1108 | D        | Reached skill level 27 in Crossbows
  1108 | D        | Reached skill level 27 in Shields
  1108 | D        | Reached skill level 27 in Conjurations
  1108 | D        | Reached skill level 27 in Hexes
  1108 | D        | Reached skill level 27 in Charms
  1108 | D        | Reached skill level 27 in Summonings
  1108 | D        | Reached skill level 27 in Necromancy
  1108 | D        | Reached skill level 27 in Translocations
  1108 | D        | Reached skill level 27 in Transmutations
  1108 | D        | Reached skill level 27 in Fire Magic
  1108 | D        | Reached skill level 27 in Ice Magic
  1108 | D        | Reached skill level 27 in Air Magic
  1108 | D        | Reached skill level 27 in Earth Magic
  1108 | D        | Reached skill level 27 in Poison Magic
  1108 | D        | Reached skill level 27 in Evocations
  1114 | D        | Noticed Jyrhyo the pandemonium lord
  1119 | D        | Killed Jyrhyo the pandemonium lord
  1381 | D        | Noticed Kusorch the pandemonium lord
  1386 | D        | Killed Kusorch the pandemonium lord
  1553 | D        | Noticed Upap the pandemonium lord
  1554 | D        | Paralysed by Upap for 3 turns
  1560 | D        | Killed Upap the pandemonium lord
  1695 | D        | Noticed Baitir the pandemonium lord
  1697 | D        | Killed Baitir the pandemonium lord
  1832 | D        | Noticed Osovukh the pandemonium lord
  1835 | D        | Killed Osovukh the pandemonium lord
  1904 | D        | Noticed Hylappea the pandemonium lord
  1913 | D        | Killed Hylappea the pandemonium lord
  2001 | D        | Noticed Saamagey the pandemonium lord
  2006 | D        | Killed Saamagey the pandemonium lord
  2389 | D        | Noticed Lofaesuy the pandemonium lord
  2395 | D        | Killed Lofaesuy the pandemonium lord
  2533 | D        | Noticed Cesiytusk the pandemonium lord
  2542 | D        | Killed Cesiytusk the pandemonium lord
  2730 | D        | Noticed Dicatifyjo the pandemonium lord
  2737 | D        | Killed Dicatifyjo the pandemonium lord
  2751 | D        | Noticed Rodah the pandemonium lord
  2761 | D        | Killed Rodah the pandemonium lord
  2949 | D        | Paralysed by accursed screaming for 1 turns
  3217 | D        | Noticed Luihav the pandemonium lord
  3221 | D        | Killed Luihav the pandemonium lord
  3295 | D        | Noticed Fivoxkymitz the pandemonium lord
  3298 | D        | Killed Fivoxkymitz the pandemonium lord
  3885 | D        | Noticed Zaot the pandemonium lord
  3890 | D        | Killed Zaot the pandemonium lord
  4008 | D        | Noticed Waczetso the pandemonium lord
  4012 | D        | Killed Waczetso the pandemonium lord
  4603 | D        | Noticed Mouph the pandemonium lord
  4611 | D        | Killed Mouph the pandemonium lord
  4691 | D        | Escaped with the Orb!

Skill      XL: |  1  2  3  4  5  6  7  8  9 10 11 12 13 14 15 16 17 18 19 20 21 22 23 24 25 26 27 |
---------------+----------------------------------------------------------------------------------+-----
Fighting       | 14 16 18 19 21 23 25 27 | 27.0
Axes           | 13 15 17 18 19 22 23 26 27 | 27.0
Throwing       | 13 15 16 18 19 21 23 26 27 | 27.0
Dodging        | 13 15 17 18 19 22 23 26 27 | 27.0
Armour         | 10 16 21 24 27 | 27.0
Stealth        | 11 18 22 26 27 | 27.0
Unarmed Combat | 10 16 21 24 27 | 27.0
Spellcasting   | 10 16 21 24 27 | 27.0
Invocations    | 14 22 27 | 27.0
Short Blades   | 27 | 27.0
Long Blades    | 27 | 27.0
Maces & Flails | 27 | 27.0
Polearms       | 27 | 27.0
Staves         | 27 | 27.0
Slings         | 27 | 27.0
Bows           | 27 | 27.0
Crossbows      | 27 | 27.0
Shields        | 27 | 27.0
Conjurations   | 27 | 27.0
Hexes          | 27 | 27.0
Charms         | 27 | 27.0
Summonings     | 27 | 27.0
Necromancy     | 27 | 27.0
Translocations | 27 | 27.0
Transmutations | 27 | 27.0
Fire Magic     | 27 | 27.0
Ice Magic      | 27 | 27.0
Air Magic      | 27 | 27.0
Earth Magic    | 27 | 27.0
Poison Magic   | 27 | 27.0
Evocations     | 27 | 27.0

Action                   |  1- 3 |  4- 6 |  7- 9 | 10-12 | 13-15 | 16-18 | 19-21 | 22-24 | 25-27 || total
-------------------------+-------+-------+-------+-------+-------+-------+-------+-------+-------++-------
Melee: Executioner's axe |     1 |       |       |     1 |     5 |     5 |    10 |    12 |   398 ||   432
  Eat: Chunk             |       |       |       |       |       |       |       |       |     6 ||     6
       Ration            |       |       |       |       |       |       |       |       |     1 ||     1
Armor: Leather armour    |       |       |       |       |       |       |     2 |       |    36 ||    38
       Plate armour      |       |       |       |       |       |       |       |       |    34 ||    34
Dodge: Dodged            |       |       |       |     1 |       |       |       |     4 |   309 ||   314
